 Dungeon Crawl Stone Soup version 0.24.0-1-gfbc8707 (webtiles) character file.

Game seed: 12525383894457931875, levelgen mode: deterministic

1255 shmeve the Chopper (level 8, 0/73 HPs)
             Began as a Minotaur Berserker on Nov 5, 2019.
             Was an Elder of Trog.
             Slain by a wyvern (7 damage)
             ... on level 8 of the Dungeon.
             The game lasted 00:09:50 (5127 turns).

shmeve the Chopper (Minotaur Berserker)             Turns: 5127, Time: 00:09:51

Health: 0/73       AC: 11    Str: 22    XL:     8   Next: 26%
Magic:  7/7        EV: 10    Int:  4    God:    Trog [****..]
Gold:   359        SH:  0    Dex: 12    Spells: 7/7 levels left

rFire    . . .     SeeInvis .   a - +0 hand axe
rCold    . . .     Gourm    .   (no shield)
rNeg     . . .     Faith    .   w - +0 chain mail
rPois    .         Spirit   .   (helmet restricted)
rElec    .         Reflect  .   (no cloak)
rCorr    .         Harm     .   b - +0 pair of gloves
MR       .....                  (no boots)
Stlth    ..........             (no amulet)
HPRegen  0.22/turn              f - ring of stealth
MPRegen  0.10/turn              (no ring)

@: no status effects
A: retaliatory headbutt, horns 2
a: Berserk, Trog's Hand, Brothers in Arms, Renounce Religion


You were on level 8 of the Dungeon.
You worshipped Trog.
Trog was greatly pleased with you.
You were not hungry.

You visited 2 branches of the dungeon, and saw 9 of its levels.

You collected 359 gold pieces.

Inventory:

Hand Weapons
 a - a +0 hand axe (weapon)
Armour
 b - a +0 pair of gloves (worn)
 s - a +0 pair of gloves
 w - a +0 chain mail (worn)
Jewellery
 f - a ring of stealth (left hand)
Wands
 k - a wand of flame (12)
 x - a wand of iceblast (10)
Scrolls
 i - a scroll of magic mapping {unknown}
 j - 2 scrolls of teleportation {unknown}
 m - 2 scrolls of enchant weapon {unknown}
 o - 6 scrolls of identify {unknown}
 p - a scroll of remove curse {unknown}
 q - 2 scrolls of blinking {unknown}
 t - 2 scrolls of noise {unknown}
 y - a scroll of enchant armour {unknown}
 A - 2 scrolls of fear {unknown}
 C - a scroll of holy word {unknown}
Potions
 d - 2 potions of agility {unknown}
 e - 3 potions of curing {unknown}
 g - 4 potions of degeneration {unknown}
 h - a potion of lignification {unknown}
 l - 3 potions of heal wounds {unknown}
 n - 2 potions of might {unknown}
 r - 2 potions of mutation {unknown}
 u - a potion of cancellation {unknown}
 v - 2 potions of resistance {unknown}
 z - a potion of ambrosia {unknown}
Comestibles
 c - 17 rations
 B - a chunk of flesh


   Skills:
 * Level 7.2 Fighting
 * Level 7.4 Axes
 + Level 3.5 Throwing
 + Level 5.1 Armour
 + Level 4.6 Dodging


You had 7 spell levels left.
You didn't know any spells.
Your spell library was empty.

Dungeon Overview and Level Annotations

Branches:
Dungeon (7/15)             Temple (1/1) D:6

Altars:
Ashenzari
Elyvilon
Fedhas
Gozag
Hepliaklqana
Makhleb
Okawaru
Uskayaw
Wu Jian
Yredelemnul
Zin

Shops:
D:4 (


Innate Abilities, Weirdness & Mutations

You reflexively headbutt those who attack you in melee.
You have a pair of horns on your head.


Message History

The wyvern is moderately wounded.
The wyvern barely misses you.
You hit the wyvern. You headbutt the wyvern.
The wyvern is moderately wounded.
The wyvern barely misses you.
The wyvern bites you but does no damage.
You closely miss the wyvern. You headbutt the wyvern!
The wyvern is severely wounded.
The wyvern barely misses you. You furiously retaliate!
You headbutt the wyvern.
Your chain mail prevents you from hitting the wyvern.
Your headbutt misses the wyvern.
The wyvern is severely wounded.
The wyvern bites you!
* * * LOW HITPOINT WARNING * * *
You hit the wyvern. Your headbutt misses the wyvern.
The wyvern is almost dead.
The wyvern bites you!
* * * LOW HITPOINT WARNING * * *
The wyvern bites you!
You die...

#.........# #.##...#
#....[....# #......#
.###.........# #.###..#
..........>.# #.# #...
............####.# ##.#
.###.....#........# #.#
.........#.:.####.####..
.......l................
##....@.#.#.####.####.#
#......#.#.# #.# #.#
##≈≈.≈≈###.# #.# #.#
#g≈.≈g# ..# #.####.#
#≈≈.≈≈# #.# #.......
#..8..# ## ##......
#.8_8.# #.##### #..8..#
.. # #. #


You could see a wyvern and 2 goblins.

Vanquished Creatures
  Edmund (D:4)
  Menkaure (D:6)
  A phantom (D:6)
  An ogre (D:2)
  A big kobold (D:8)
  3 bullfrogs
  2 scorpions
  A hound (D:4)
  3 orc priests
  An orc wizard (D:7)
  An iguana (D:6)
  Jessica (D:2)
  2 worker ants
  A hound zombie (D:5)
  A howler monkey skeleton (D:4)
  6 adders
  4 oozes
  An adder skeleton (D:6)
  2 worms (D:2)
  4 dart slugs
  4 leopard geckos
  6 orcs
  8 giant cockroaches
  8 goblins
  5 hobgoblins
  7 jackals
  3 quokkas
  8 bats
  4 frilled lizards
  17 kobolds
  A leopard gecko zombie (D:6)
  A quokka skeleton (D:4)
  10 rats
  A spectral orc (D:6)
121 creatures vanquished.

Notes
Turn   | Place    | Note
-------+----------+-------------------------------------------
     0 | D:1      | shmeve the Minotaur Berserker began the quest for the Orb.
     0 | D:1      | Reached XP level 1. HP: 19/19 MP: 0/0
    70 | D:1      | Reached XP level 2. HP: 10/27 MP: 1/1
   827 | D:1      | Reached XP level 3. HP: 31/33 MP: 2/2
  1035 | D:1      | Reached ** piety under Trog
  1295 | D:2      | Noticed Jessica
  1300 | D:2      | Killed Jessica
  1300 | D:2      | Reached skill level 1 in Throwing
  1304 | D:2      | Reached XP level 4. HP: 21/41 MP: 3/3
  1701 | D:2      | Reached XP level 5. HP: 30/47 MP: 4/4
  1848 | D:2      | Found a hazy altar of Hepliaklqana.
  1953 | D:2      | Noticed an ogre
  1961 | D:2      | Killed an ogre
  1961 | D:2      | Reached skill level 5 in Fighting
  1961 | D:2      | Reached skill level 5 in Axes
  2312 | D:3      | Reached *** piety under Trog
  2370 | D:3      | You fall into a shaft and drop 3 floors!
  2378 | D:6      | Reached XP level 6. HP: 35/56 MP: 5/5
  2543 | D:5      | Entered Level 5 of the Dungeon
  2566 | D:5      | Found a blossoming altar of Fedhas.
  2572 | D:4      | Found Kafiziur's Antique Weapon Shop.
  2602 | D:4      | Noticed Edmund
  2614 | D:4      | Found a shattered altar of Ashenzari.
  2616 | D:4      | Found a hide-covered altar of Uskayaw.
  2627 | D:4      | Killed Edmund
  3083 | D:3      | Found a burning altar of Makhleb.
  3083 | D:3      | Noticed a blizzard demon
  3491 | D:4      | Found an ornate altar of the Wu Jian Council.
  3680 | D:4      | Found a white marble altar of Elyvilon.
  4383 | D:6      | Found a staircase to the Ecumenical Temple.
  4395 | Temple   | Entered the Ecumenical Temple
  4401 | D:6      | Reached XP level 7. HP: 61/62 MP: 6/6
  4674 | D:6      | Noticed Menkaure
  4682 | D:6      | Killed Menkaure
  4742 | D:6      | Found a basalt altar of Yredelemnul.
  4857 | D:6      | Found a glowing silver altar of Zin.
  4858 | D:6      | Found an opulent altar of Gozag.
  4963 | D:7      | Reached XP level 8. HP: 71/71 MP: 7/7
  5019 | D:7      | You fall into a shaft and drop 1 floor!
  5058 | D:8      | Reached **** piety under Trog
  5058 | D:8      | Reached skill level 5 in Armour
  5112 | D:8      | Found an iron altar of Okawaru.
  5127 | D:8      | Slain by a wyvern

Levels and vault maps discovered:
D:1:      dpeg_arrival_orchard, layout_rooms, serial_co_window_serial,
          co_window_corner_a, co_window_corner_a, co_window_paths_a,
          co_window_paths_a, co_window_paths_b, co_window_paths_c,
          co_window_paths_c, co_window_unsneaky_path_a, co_window_2corner,
          co_window_unsneaky_path_c, co_window_4corner_b, glass_columns_a,
          st_stairs_10
D:2:      layout_rooms, nicolae_overflow_crystal_walls, serial_bayou_pond_d,
          minmay_misc_feat_diagonals, uniq_jessica
D:3:      layout_loops_cross, makhleb_altar_promises_db
D:4:      layout_basic, overflow_temple_1_default, kennysheep_little_box,
          grunt_temple_overflow_open, serial_shops, shop, uniq_edmund
D:5:      layout_loops_cross, basic_altar, first_ration
D:6:      layout_cave_pools, grunt_temple_overflow_gold_and_silver,
          yredelemnul_forgotten_temple_becter, temple_fountains, uniq_menkaure
D:7:      kennysheep_housing_project, layout_basic,
          lemuel_mausoleum_altar_kikubaaqudgha, lemuel_blue_sif_altar,
          grunt_ogre_cave, david_defended_altar_elf, uniq_joseph,
          uniq_prince_ribbit1
D:8:      layout_basic, kennysheep_okawaru_gauntlet
Temple:   corrupted_temple

Skill      XL: |  1  2  3  4  5  6  7  8 |
---------------+-------------------------+-----
Axes           | 4 5 6 7 |  7.4
Fighting       | 4 5 6 7 |  7.2
Throwing       | 1 2 3 |  3.5
Armour         | 3 4 5 |  5.1
Dodging        | 3 4 |  4.6

Action                   |  1- 3 |  4- 6 |  7- 9 || total
-------------------------+-------+-------+-------++-------
Melee: Hand axe          |    48 |   122 |    93 ||   263
       Headbutt          |     8 |    25 |    17 ||    50
Invok: Berserk           |     3 |     3 |     2 ||     8
 Stab: Sleeping          |     3 |     3 |       ||     6
  Eat: Chunk             |     3 |    13 |     5 ||    21
Armor: Animal skin       |    12 |     3 |       ||    15
       Chain mail        |       |    32 |    45 ||    77
Dodge: Dodged            |    34 |    92 |    49 ||   175
